 Dungeon Crawl Stone Soup version 0.17-a0-2171-ga91b4ec (webtiles) character file.

8921 Ijustatesigmund the Covert (level 11, -1/88 (91) HPs)
             Began as a Naga Wizard on Oct 25, 2015.
             Was a High Priest of Cheibriados.
             Slain by a hill giant
             ... wielding a +0 giant spiked club
              (20 damage)
             ... on level 10 of the Dungeon.
             The game lasted 00:56:46 (14384 turns).

Ijustatesigmund the Covert (Naga Wizard)           Turns: 14384, Time: 00:56:46

HP:   -1/88 (91)    AC:  7    Str: 22    XL:     11   Next: 38%
MP:   0/19          EV: 13    Int: 35    God:    Cheibriados [*****.]
Gold: 323           SH:  7    Dex: 22    Spells: 6 memorised, 7 levels left

rFire  . . .     SeeInvis +     q - +3 dagger (holy)
rCold  . . .     Clarity  .     l - +1 robe {MR+}
rNeg   . . .     SustAt   .     i - +2 buckler
rPois  +         Gourm    .     b - +0 hat
rElec  .         Spirit   .     y - +0 cloak
rCorr  .         Warding  .     h - +0 pair of gloves
rMut   .         Stasis   .     (no barding)
MR     ++...                    (no amulet)
Stlth  ++++++....               (no ring)
                                I - +2 ring of intelligence

@: repel missiles, very slow, very resistant to hostile enchantments, very
stealthy
A: see invisible, deformed body, poison resistance, slowness 2, slow metabolism
1, spit poison 2, AC +3
a: Spit Poison, Bend Time, Temporal Distortion, Slouch, Step From Time, Renounce
Religion


You were on level 10 of the Dungeon.
You worshipped Cheibriados.
Cheibriados was extremely pleased with you.
You were hungry.

You visited 1 branch of the dungeon, and saw 10 of its levels.
You also visited: Sewer.

You collected 407 gold pieces.
You spent 84 gold pieces at shops.

Inventory:

Hand Weapons
 q - a +3 dagger of holy wrath (weapon)
 D - the +4 battleaxe of Zaog {chop, Int+2}
   (You found it on level 8 of the Dungeon)

   It inflicts extra damage upon your enemies.
   It affects your intelligence (+2).
Armour
 b - a +0 hat (worn)
 f - a +1 robe of cold resistance
 h - a +0 pair of gloves (worn)
 i - a +2 buckler (worn)
 l - a +1 robe of magic resistance (worn)
 y - a +0 cloak (worn)
 O - a steam dragon hide
Jewellery
 k - the ring of the Raven {Ice SInv}
   (You found it on level 4 of the Dungeon)

   [ring of ice]

   It enhances your ice magic, and weakens your fire magic.
   It makes you vulnerable to fire.
   It protects you from cold.
   It lets you see invisible.
 I - a +2 ring of intelligence (left hand)
 P - an uncursed ring of protection from magic {unknown}
Wands
 p - a wand of slowing (13)
 t - a wand of cold (0)
 u - a wand of enslavement (10)
 v - a wand of fire (1)
 B - a wand of slowing (25)
 E - a wand of fire (5)
 G - a wand of magic darts (0)
Scrolls
 g - 3 scrolls of remove curse
 w - a scroll of fog
 z - a scroll of amnesia
 F - a scroll of magic mapping
 N - 2 scrolls of identify
Potions
 j - 6 potions of curing
 m - 4 potions of brilliance
 n - 3 potions of berserk rage {unknown}
 A - a potion of resistance {unknown}
 C - a potion of lignification {unknown}
 J - 2 potions of ambrosia {unknown}
 K - a potion of flight {unknown}
 S - a potion of mutation {unknown}
Books
 c - a book of Minor Magic

   Spells                             Type                      Level
   a - Magic Dart                     Conjuration                  1
   b - Blink                          Translocation                2
   c - Call Imp                       Summoning                    2
   d - Repel Missiles                 Charms/Air                   2
   e - Slow                           Hexes                        2
   f - Conjure Flame                  Conjuration/Fire             3
   g - Mephitic Cloud                 Conjuration/Poison/Air       3
Comestibles
 a - 3 fruits
 d - 7 bread rations
 r - 6 meat rations
 x - a royal jelly
 L - 2 beef jerkies
 M - 4 slices of pizza


   Skills:
 - Level 3.7 Fighting
 - Level 5.8 Short Blades
 + Level 4.1 Dodging
 + Level 12.8 Stealth
 + Level 2.5 Shields
 - Level 5.4 Spellcasting
 - Level 6.4 Conjurations
 - Level 1.0 Summonings
 - Level 1.0 Translocations
 - Level 2.4 Air Magic
 - Level 3.6 Poison Magic
 - Level 9.0 Invocations


You had 7 spell levels left.
You knew the following spells:

 Your Spells              Type           Power        Failure   Level  Hunger
a - Magic Dart            Conj           ####         1%          1    None
b - Blink                 Tloc           N/A          4%          2    None
c - Repel Missiles        Chrm/Air       ###...       3%          2    None
d - Mephitic Cloud        Conj/Pois/Air  #####...     1%          3    None
e - Call Imp              Summ           ###.....     4%          2    None
f - Conjure Flame         Conj/Fire      ####....     3%          3    None


Dungeon Overview and Level Annotations

Branches:
Dungeon (10/15)            Temple (0/1) D:7
   Lair: D:8-11         Orc: D:9-12

Altars:
Ashenzari
Cheibriados
Elyvilon
Kikubaaqudgha
Makhleb
Nemelex Xobeh
Okawaru
Qazlal
Ru

Shops:
D:7 [

Annotations:
D:10 Sonja


Innate Abilities, Weirdness & Mutations

You cannot wear boots.
Your serpentine skin is tough (AC +3).
You have supernaturally acute eyesight.
Armour fits poorly on your strangely shaped body.
Your system is resistant to poisons.
You cover ground very slowly.
You have a slow metabolism.
You can spit poison.


Message History

Read which item? (? for menu, Esc to quit)
Okay, then.
Read which item? (? for menu, Esc to quit)
Okay, then.
Evoke which item? (* to show all) (? for menu, Esc to quit)
Zapping:
E - a wand of fire (will waste charges)
Press: ? - help, Shift-Dir - straight line, f/p - hill giant
Aim: a hill giant, wielding a giant spiked club (lightly wounded, hasn't noticed you)
The bolt of fire hits the hill giant.
The hill giant is heavily wounded.
Evoking this partially-identified wand wasted a few charges.
Evoke which item? (* to show all) (? for menu, Esc to quit)
Zapping:
E - a wand of fire {zapped: 2} (will waste charges)
Press: ? - help, Shift-Dir - straight line, f/p - hill giant
Aim: a hill giant, wielding a giant spiked club (heavily wounded)
The bolt of fire hits the hill giant.
The hill giant is severely wounded.
Evoking this partially-identified wand wasted a few charges.
The hill giant hits you with a giant spiked club!!
You die...

#.#
########(#####
#.......(....#
#.......((...#
#.......(....#
####............#
................#
##............#
#...@C.......#
#............#
##.########### #.
#


You could see a hill giant.

Vanquished Creatures
  An unseen horror (D:10)
  A hill giant (D:10)
  The ghost of Eleusis the Charmwright, a novice DsSk of Kikubaaqudgha (D:6)
  A troll (D:10)
  A two-headed ogre (D:9)
  Sigmund (D:4)
  2 wraiths (D:9)
  2 deep elf fighters
  Eustachio (D:6)
  2 steam dragons
  5 yaks (D:10)
  A hippogriff (D:7)
  A human (D:8)
  An eye of draining (D:9)
  3 sky beasts
  5 orc warriors
  2 ice beasts
  4 ogres
  3 phantoms (D:8)
  2 necrophages (D:9)
  4 centaurs
  3 big kobolds (Sewer)
  An elf zombie (D:9)
  7 giant frogs
  An elf skeleton (D:9)
  4 scorpions
  A troll zombie (D:9)
  2 wights
  4 killer bees (D:9)
  3 quasits
  7 hounds
  2 human zombies (D:9)
  2 centaur skeletons
  5 crimson imps
  A jelly (D:7)
  Crazy Yiuf (D:7)
  2 human skeletons (D:9)
  3 orc priests
  9 worker ants
  2 giant frog skeletons
  4 iguanas
  9 orc wizards
  A killer bee zombie (D:6)
  4 sheep (D:8)
  A mummy (D:9)
  7 gnolls
  A shadow imp (D:8)
  16 adders
  2 oozes (Sewer)
  2 worms (D:2)
  2 giant geckos
  18 orcs
  7 giant cockroaches
  5 hobgoblins
  10 jackals
  7 quokkas
  7 ball pythons
  5 bats
  A giant gecko skeleton (D:4)
  9 giant newts
  5 goblins
  A jackal skeleton (D:6)
  21 kobolds
  A quokka skeleton (D:5)
  10 rats
260 creatures vanquished.

Vanquished Creatures (collateral kills)
  A sky beast (D:9)
1 creature vanquished.

Vanquished Creatures (others)
  A jelly (D:5)
1 creature vanquished.

Grand Total: 262 creatures vanquished

Notes
Turn   | Place    | Note
--------------------------------------------------------------
     0 | D:1      | Ijustatesigmund the Naga Wizard began the quest for the Orb.
     0 | D:1      | Reached XP level 1. HP: 15/15 MP: 4/4
   401 | D:1      | Reached XP level 2. HP: 20/22 MP: 3/6
   405 | D:1      | Learned a level 2 spell: Blink
   408 | D:1      | Learned a level 2 spell: Repel Missiles
   903 | D:2      | Reached skill level 4 in Stealth
   903 | D:2      | Reached XP level 3. HP: 25/28 MP: 0/7
  1688 | D:2      | Found a white marble altar of Elyvilon.
  1739 | D:2      | Reached skill level 5 in Stealth
  1972 | D:2      | Reached XP level 4. HP: 33/36 MP: 0/8
  1998 | D:2      | Learned a level 3 spell: Mephitic Cloud
  2302 | D:3      | Found a glowing drain.
  2361 | Sewer    | Entered a sewer
  2377 | Sewer    | Noticed a big kobold
  2400 | Sewer    | Killed a big kobold
  2400 | Sewer    | Reached skill level 1 in Air Magic
  2400 | Sewer    | Reached skill level 1 in Poison Magic
  2400 | Sewer    | Reached XP level 5. HP: 29/42 MP: 7/9
  2808 | Sewer    | Noticed a big kobold
  2834 | Sewer    | Killed a big kobold
  2834 | Sewer    | Reached XP level 6. HP: 39/49 MP: 3/10
  2881 | Sewer    | Noticed a big kobold
  2985 | Sewer    | Killed a big kobold
  3191 | D:3      | Reached skill level 6 in Stealth
  3502 | D:3      | Found a snail-covered altar of Cheibriados.
  3517 | D:3      | Became a worshipper of Cheibriados the Contemplative
  4015 | D:4      | Reached skill level 1 in Short Blades
  4015 | D:4      | Reached XP level 7. HP: 55/55 MP: 4/11
  4117 | D:4      | Noticed Sigmund
  4151 | D:4      | Killed Sigmund
  4151 | D:4      | Reached skill level 7 in Stealth
  4157 | D:4      | Got a heavily runed amber ring
  4158 | D:4      | Identified the ring of the Raven {Ice SInv} (You found it on level 4 of the Dungeon)
  4434 | D:4      | Got a brightly glowing scale mail
  4544 | D:4      | Reached * piety under Cheibriados
  4648 | D:4      | Identified the cursed +1 scale mail of Hedging {rPois rF+} (You found it on level 4 of the Dungeon)
  4690 | D:5      | Entered Level 5 of the Dungeon
  4832 | D:5      | Reached skill level 1 in Invocations
  5073 | D:5      | Found a sacrificial altar of Ru.
  5302 | D:5      | Found a stormy altar of Qazlal.
  5661 | D:5      | Found a burning altar of Makhleb.
  5665 | D:5      | Reached XP level 8. HP: 62/62 MP: 13/13
  5717 | D:5      | Found a sparkling altar of Nemelex Xobeh.
  6023 | D:7      | Reached skill level 5 in Conjurations
  6164 | D:7      | Found a shattered altar of Ashenzari.
  6175 | D:7      | Reached ** piety under Cheibriados
  6695 | D:6      | HP: 2/62 [steam dragon/ball of steam (18)]
  7344 | D:6      | Reached skill level 5 in Spellcasting
  7344 | D:6      | Reached XP level 9. HP: 52/68 MP: 8/16
  7782 | D:6      | Reached skill level 5 in Invocations
  7799 | D:6      | Reached *** piety under Cheibriados
  8034 | D:6      | Noticed Eustachio
  8041 | D:6      | Noticed Eleusis's ghost (novice DsSk)
  8766 | D:7      | Found a staircase to the Ecumenical Temple.
  8879 | D:7      | Found Taecedgh's Antique Armour Shop.
  8888 | D:7      | Bought a shiny scale mail for 84 gold pieces
  9044 | D:7      | Noticed Crazy Yiuf
  9057 | D:7      | Killed Crazy Yiuf
  9434 | D:7      | Reached **** piety under Cheibriados
  9907 | D:8      | Got a faintly glowing battleaxe
  9908 | D:8      | Identified the +4 battleaxe of Zaog {chop, Int+2} (You found it on level 8 of the Dungeon)
  9918 | D:8      | Found an iron altar of Okawaru.
 10144 | D:6      | Killed Eustachio
 10356 | D:6      | Reached XP level 10. HP: 65/85 MP: 10/18
 10654 | D:7      | Reached skill level 8 in Invocations
 11020 | D:8      | Reached skill level 5 in Short Blades
 11219 | D:8      | Reached ***** piety under Cheibriados
 11440 | D:6      | Killed Eleusis's ghost
 11546 | D:9      | Reached skill level 9 in Invocations
 11566 | D:9      | Learned a level 2 spell: Call Imp
 11570 | D:9      | Learned a level 3 spell: Conjure Flame
 11574 | D:9      | Found a snail-covered altar of Cheibriados.
 12661 | D:9      | Reached skill level 10 in Stealth
 13260 | D:9      | Reached skill level 11 in Stealth
 13669 | D:9      | Found an ancient bone altar of Kikubaaqudgha.
 13710 | D:9      | Reached XP level 11. HP: 86/88 MP: 13/19
 13967 | D:9      | Reached skill level 12 in Stealth
 13998 | D:10     | Entered Level 10 of the Dungeon
 13998 | D:10     | Noticed an unseen horror
 14004 | D:10     | Killed an unseen horror
 14004 | D:10     | Reached skill level 1 in Shields
 14131 | D:10     | Noticed Sonja
 14259 | D:10     | Noticed a hill giant
 14304 | D:10     | Killed a hill giant
 14332 | D:10     | Noticed a hill giant
 14384 | D:10     | Slain by a hill giant

Vault maps used:
D:1:      wheals_arrival_linesprint, hangedman_decor_clover_reticule
D:2:      elyvilon_altar_1
D:3:      lemuel_doored_altar, portal_sewer_entry_a
D:4:      uniq_sigmund
D:5:      nicolae_ru_path_of_blood, nemelex_deck, grunt_qazlal_clouds,
          makhleb_heckhound_becter, first_bread
D:6:      sword_in_stone
D:7:      evilmike_ruin_ashenzari, minmay_temple_entry_from_below_a,
          serial_shops, shop, uniq_crazy_yiuf_cottage
D:8:      okawaru_ov_weapons_minmay, grunt_livestock
D:9:      basic_altar, lemuel_mausoleum_altar_kikubaaqudgha
D:10:     st_stairs_14, uniq_sonja
Sewer:    kennysheep_pipe_town

Action                   |  1- 3 |  4- 6 |  7- 9 | 10-12 || total
-------------------------+-------+-------+-------+-------++-------
Melee: Unarmed           |     1 |       |       |       ||     1
       Short sword       |    21 |   104 |     2 |       ||   127
       Dagger            |       |       |   299 |   389 ||   688
Throw: Javelin           |       |       |     4 |     6 ||    10
 Cast: Magic Dart        |    84 |    96 |   196 |   153 ||   529
       Repel Missiles    |     2 |     2 |     2 |     2 ||     8
       Mephitic Cloud    |       |    11 |    50 |    28 ||    89
       Blink             |       |       |     4 |     1 ||     5
Invok: Temporal Distorti |       |       |     1 |     1 ||     2
       Slouch            |       |       |       |     3 ||     3
Evoke: Wand              |       |       |     4 |     7 ||    11
  Use: Scroll            |     4 |     4 |     5 |     6 ||    19
       Potion            |       |       |    13 |     3 ||    16
 Stab: Sleeping          |     2 |     2 |     7 |     4 ||    15
       Confused          |       |     9 |    19 |    10 ||    38
       Distracted        |       |       |       |     1 ||     1
  Eat: Chunk             |     2 |     6 |     5 |       ||    13
       Fruit             |       |     1 |     1 |       ||     2
       Beef jerky        |       |       |     2 |       ||     2
       Bread ration      |       |       |     1 |       ||     1
       Pizza             |       |       |       |     3 ||     3
       Royal jelly       |       |       |       |     1 ||     1
